| TOP OF THE 1ST |
|
Brockton Rox batting - Pitching for Chester Pirates : RHP Pablo Ramirez
|
|
Pitching: RHP Pablo Ramirez
|
|
|
Batting: LHB Darby Starburster
|
0-0: Called Strike 0-1: Called Strike 0-2: Ball 1-2: Strikes out looking
|
|
Batting: RHB Ryan Davis
|
0-0: Fly out, F9 (Flyball, 9D, EV 99.4 MPH)
|
|
Batting: LHB Eric Gaugler
|
0-0: Ball 1-0: Called Strike 1-1: Called Strike 1-2: Foul Ball, location: 2F 1-2: Strikes out swinging, 2-3 out at first.
|
| Top of the 1st over - 0 runs, 0 hits, 0 errors, 0 left on base; Brockton 0 - Chester 0 |
| BOTTOM OF THE 1ST |
|
Chester Pirates batting - Pitching for Brockton Rox : RHP Mitsuharu Yoshimoto
|
|
Pitching: RHP Mitsuharu Yoshimoto
|
|
|
Batting: RHB Mike Weeks
|
0-0: Foul Ball, location: 2F 0-1: Swinging Strike 0-2: Ball 1-2: Ball 2-2: Foul Ball, location: 2F 2-2: Foul Ball, location: 2F 2-2: Foul Ball, location: 2F 2-2: Strikes out looking
|
|
Batting: RHB Edwardo Tanchez
|
0-0: Swinging Strike 0-1: Foul Ball, location: 2F 0-2: SINGLE (Line Drive, 9LS, EV 100.0 MPH)
|
|
Batting: RHB Zach Chmieleski
|
0-0: Foul Ball, location: 2F 0-1: Swinging Strike 0-2: Ball 1-2: Ball 2-2: Ball 3-2: Foul Ball, location: 2F 3-2: Hit by Pitch Edwardo Tanchez to second
|
|
Batting: SHB Mike Corley
|
0-0: Ball 1-0: 3-RUN HOME RUN (Flyball, 7D, EV 105.0 MPH), Distance : 404 ft
|
|
Batting: SHB Nathan Clement
|
0-0: Foul Ball, location: 2F 0-1: Swinging Strike 0-2: Ball 1-2: Strikes out looking
|
|
Batting: RHB Jason Rhodes
|
0-0: Swinging Strike 0-1: SOLO HOME RUN (Flyball, 7D, EV 102.5 MPH), Distance : 404 ft
|
|
Batting: LHB Ernesto Gasca
|
0-0: Fly out, F4 (Line Drive, 4, EV 72.5 MPH)
|
| Bottom of the 1st over - 4 runs, 3 hits, 0 errors, 0 left on base; Brockton 0 - Chester 4 |
| TOP OF THE 2ND |
|
Brockton Rox batting - Pitching for Chester Pirates : RHP Pablo Ramirez
|
|
Batting: RHB Bob Reichley
|
0-0: Ball 1-0: Ball 2-0: Ground out 6-3 (Groundball, 6, EV 83.1 MPH)
|
|
Batting: RHB Jose Blocker
|
0-0: Called Strike 0-1: Swinging Strike 0-2: Strikes out swinging, 2-3 out at first.
|
|
Batting: LHB Kenny Jackson
|
0-0: Ball 1-0: SINGLE (Groundball, 6MD, EV 106.9 MPH)
|
|
Batting: SHB Mel Gonzalez
|
0-0: Called Strike 0-1: Ball 1-1: Foul Ball, location: 2F 1-2: Ball 2-2: Ball 3-2: Strikes out swinging, 2-3 out at first.
|
| Top of the 2nd over - 0 runs, 1 hit, 0 errors, 1 left on base; Brockton 0 - Chester 4 |
| BOTTOM OF THE 2ND |
|
Chester Pirates batting - Pitching for Brockton Rox : RHP Mitsuharu Yoshimoto
|
|
Batting: LHB Tommie Benefield
|
0-0: Foul Ball, location: 2F 0-1: Swinging Strike 0-2: Ball 1-2: Ball 2-2: Strikes out swinging
|
|
Batting: RHB Zachery Loomis
|
0-0: Ground out 6-3 (Groundball, 6M, EV 106.2 MPH)
|
|
Batting: RHB Mike Weeks
|
0-0: Called Strike 0-1: Foul Ball, location: 2F 0-2: Foul Ball, location: 2F 0-2: Foul Ball, location: 2F 0-2: Ball 1-2: DOUBLE (Groundball, 5L, EV 103.8 MPH)
|
|
Batting: RHB Edwardo Tanchez
|
0-0: Ball 1-0: Swinging Strike 1-1: Ball 2-1: Ball 3-1: Base on Balls
|
|
Batting: RHB Zach Chmieleski
|
0-0: Ball 1-0: Fly out, F9 (Flyball, 9, EV 85.6 MPH)
|
| Bottom of the 2nd over - 0 runs, 1 hit, 0 errors, 2 left on base; Brockton 0 - Chester 4 |
| TOP OF THE 3RD |
|
Brockton Rox batting - Pitching for Chester Pirates : RHP Pablo Ramirez
|
|
Batting: RHB Joe Lewis
|
0-0: Called Strike 0-1: Foul Ball, location: 2F 0-2: Ball 1-2: Strikes out looking
|
|
Batting: LHB Alexis Toxqui
|
0-0: Called Strike 0-1: Swinging Strike 0-2: Ball 1-2: Ball 2-2: Strikes out looking
|
|
Batting: LHB Darby Starburster
|
0-0: Called Strike 0-1: Foul Ball, location: 2F 0-2: Ball 1-2: Foul Ball, location: 2F 1-2: Ball 2-2: Ball 3-2: Foul Ball, location: 2F 3-2: Foul Ball, location: 2F 3-2: Strikes out looking
|
| Top of the 3rd over - 0 runs, 0 hits, 0 errors, 0 left on base; Brockton 0 - Chester 4 |
| BOTTOM OF THE 3RD |
|
Chester Pirates batting - Pitching for Brockton Rox : RHP Mitsuharu Yoshimoto
|
|
Batting: SHB Mike Corley
|
0-0: Called Strike 0-1: Ball 1-1: Ball 2-1: Ball 3-1: Base on Balls
|
|
Batting: SHB Nathan Clement
|
0-0: Called Strike 0-1: Ball 1-1: Ground out U3 (Groundball, 3S, EV 74.4 MPH) Mike Corley to second
|
|
Batting: RHB Jason Rhodes
|
0-0: Ball 1-0: Called Strike 1-1: Foul Ball, location: 2F 1-2: Ball 2-2: Foul Ball, location: 2F 2-2: Ball 3-2: Strikes out swinging
|
|
Batting: LHB Ernesto Gasca
|
0-0: Called Strike 0-1: Foul Ball, location: 2F 0-2: Ball 1-2: Strikes out swinging
|
| Bottom of the 3rd over - 0 runs, 0 hits, 0 errors, 1 left on base; Brockton 0 - Chester 4 |
| TOP OF THE 4TH |
|
Brockton Rox batting - Pitching for Chester Pirates : RHP Pablo Ramirez
|
|
Batting: RHB Ryan Davis
|
0-0: Called Strike 0-1: Called Strike 0-2: Strikes out swinging
|
|
Batting: LHB Eric Gaugler
|
0-0: Ball 1-0: Ball 2-0: Foul Ball, location: 2F 2-1: SOLO HOME RUN (Flyball, 9LD, EV 94.4 MPH), Distance : 346 ft
|
|
Batting: RHB Bob Reichley
|
0-0: Ball 1-0: Ball 2-0: Called Strike 2-1: Foul Ball, location: 2F 2-2: Fly out, F7 (Flyball, 7, EV 89.4 MPH)
|
|
Batting: RHB Jose Blocker
|
0-0: Called Strike 0-1: Fly out, F4 (Popup, 13, EV 81.2 MPH)
|
| Top of the 4th over - 1 run, 1 hit, 0 errors, 0 left on base; Brockton 1 - Chester 4 |
| BOTTOM OF THE 4TH |
|
Chester Pirates batting - Pitching for Brockton Rox : RHP Mitsuharu Yoshimoto
|
|
Batting: LHB Tommie Benefield
|
0-0: Called Strike 0-1: Foul Ball, location: 2F 0-2: Ball 1-2: Foul Ball, location: 2F 1-2: Strikes out swinging
|
|
Batting: RHB Zachery Loomis
|
0-0: Ground out 5-3 (Groundball, 56S, EV 71.9 MPH)
|
|
Batting: RHB Mike Weeks
|
0-0: Ball 1-0: Ground out 4-3 (Groundball, 4S, EV 93.8 MPH)
|
| Bottom of the 4th over - 0 runs, 0 hits, 0 errors, 0 left on base; Brockton 1 - Chester 4 |
| TOP OF THE 5TH |
|
Brockton Rox batting - Pitching for Chester Pirates : RHP Pablo Ramirez
|
|
Batting: LHB Kenny Jackson
|
0-0: Ball 1-0: Fly out, F9 (Line Drive, 89M, EV 95.6 MPH)
|
|
Batting: SHB Mel Gonzalez
|
0-0: Ball 1-0: Fly out, F7 (Flyball, 7, EV 85.0 MPH)
|
|
Batting: RHB Joe Lewis
|
0-0: Foul Ball, location: 2F 0-1: Ball 1-1: Fly out, F9 (Flyball, 9, EV 88.1 MPH)
|
| Top of the 5th over - 0 runs, 0 hits, 0 errors, 0 left on base; Brockton 1 - Chester 4 |
| BOTTOM OF THE 5TH |
|
Chester Pirates batting - Pitching for Brockton Rox : RHP Mitsuharu Yoshimoto
|
|
Batting: RHB Edwardo Tanchez
|
0-0: Ball 1-0: Swinging Strike 1-1: Fly out, F6 (Popup, 6, EV 45.0 MPH)
|
|
Batting: RHB Zach Chmieleski
|
0-0: Ball 1-0: Swinging Strike 1-1: Called Strike 1-2: Ball 2-2: Ball 3-2: DOUBLE (Line Drive, 9LS, EV 108.1 MPH)
|
|
Pitching: LHP Bob Strachan
|
|
|
Batting: SHB Mike Corley
|
0-0: Ball 1-0: Ball 2-0: Called Strike 2-1: Swinging Strike 2-2: Foul Ball, location: 2F 2-2: Ground out 6-3 (Groundball, 6, EV 79.4 MPH)
|
|
Batting: SHB Nathan Clement
|
0-0: Ball 1-0: Ball 2-0: Swinging Strike 2-1: Ball 3-1: Base on Balls
|
|
Batting: RHB Jason Rhodes
|
0-0: Ball 1-0: Ball 2-0: Called Strike 2-1: Foul Ball, location: 2F 2-2: Fly out, F8 (Line Drive, 8LM, EV 85.0 MPH)
|
| Bottom of the 5th over - 0 runs, 1 hit, 0 errors, 2 left on base; Brockton 1 - Chester 4 |
| TOP OF THE 6TH |
|
Brockton Rox batting - Pitching for Chester Pirates : RHP Pablo Ramirez
|
|
Batting: LHB Alexis Toxqui
|
0-0: Ball 1-0: Foul Ball, location: 2F 1-1: SINGLE (Line Drive, 9LS, EV 109.4 MPH)
|
|
Batting: LHB Darby Starburster
|
0-0: Called Strike 0-1: Ball 1-1: Ball 2-1: Fly out, F8 (Flyball, 8LD, EV 101.2 MPH)
|
|
Batting: RHB Ryan Davis
|
0-0: Foul Ball, location: 2F 0-1: Foul Ball, location: 2F 0-2: Strikes out swinging
|
|
Batting: LHB Eric Gaugler
|
0-0: Called Strike 0-1: Ball 1-1: Ball 2-1: Ball 3-1: Ground out 1-3 (Groundball, 13S, EV 75.0 MPH)
|
| Top of the 6th over - 0 runs, 1 hit, 0 errors, 1 left on base; Brockton 1 - Chester 4 |
| BOTTOM OF THE 6TH |
|
Chester Pirates batting - Pitching for Brockton Rox : LHP Bob Strachan
|
|
Batting: RHB Rafael Galicia
|
0-0: Ground out 6-3 (Groundball, 6, EV 78.8 MPH)
|
|
Pinch Hitting: SHB Jiong Qi
|
0-0: Ball 1-0: Called Strike 1-1: Ball 2-1: Called Strike 2-2: Strikes out looking
|
|
Batting: RHB Zachery Loomis
|
0-0: Ball 1-0: Fly out, F9 (Flyball, 89S, EV 82.5 MPH)
|
| Bottom of the 6th over - 0 runs, 0 hits, 0 errors, 0 left on base; Brockton 1 - Chester 4 |
| TOP OF THE 7TH |
|
Brockton Rox batting - Pitching for Chester Pirates : RHP Pablo Ramirez
|
|
Pitching: RHP Tomas Cavazos
|
|
|
Now in RF: Ryan Thurston
|
|
|
Batting: RHB Bob Reichley
|
0-0: Called Strike 0-1: Swinging Strike 0-2: Ball 1-2: Ball 2-2: Strikes out swinging
|
|
Batting: RHB Jose Blocker
|
0-0: Called Strike 0-1: Swinging Strike 0-2: Ball 1-2: Foul Ball, location: 2F 1-2: Strikes out swinging
|
|
Batting: LHB Kenny Jackson
|
0-0: Called Strike 0-1: Ball 1-1: Ball 2-1: Foul Ball, location: 2F 2-2: Foul Ball, location: 2F 2-2: Ball 3-2: Fly out, F5 (Popup, 5S, EV 77.5 MPH)
|
| Top of the 7th over - 0 runs, 0 hits, 0 errors, 0 left on base; Brockton 1 - Chester 4 |
| BOTTOM OF THE 7TH |
|
Chester Pirates batting - Pitching for Brockton Rox : LHP Bob Strachan
|
|
Batting: RHB Mike Weeks
|
0-0: Ball 1-0: Called Strike 1-1: Foul Ball, location: 2F 1-2: Ball 2-2: Foul Ball, location: 2F 2-2: Reached on error, E3 (Groundball, 3, EV 89.4 MPH)
|
|
Batting: RHB Edwardo Tanchez
|
0-0: Foul Ball, location: 2F 0-1: Called Strike 0-2: Ball 1-2: Ball 2-2: Fly out, F8 (Flyball, 89S, EV 83.8 MPH)
|
|
Batting: RHB Zach Chmieleski
|
0-0: Called Strike 0-1: Ball 1-1: Ball 2-1: Fly out, F8 (Flyball, 78M, EV 88.1 MPH)
|
|
Batting: SHB Mike Corley
|
0-0: Foul Ball, location: 2F 0-1: Called Strike 0-2: Ball 1-2: Ball 2-2: Reached on error, E4 (Groundball, 6MD, EV 85.6 MPH) Mike Weeks to second
|
|
Batting: SHB Nathan Clement
|
0-0: Called Strike 0-1: Ball 1-1: Foul Ball, location: 2F 1-2: Ball 2-2: Fielders Choice at 2nd, 6-4 (Groundball, 6, EV 104.4 MPH)
|
| Bottom of the 7th over - 0 runs, 0 hits, 2 errors, 2 left on base; Brockton 1 - Chester 4 |
| TOP OF THE 8TH |
|
Brockton Rox batting - Pitching for Chester Pirates : RHP Tomas Cavazos
|
|
Batting: SHB Mel Gonzalez
|
0-0: Called Strike 0-1: Ball 1-1: Foul Ball, location: 2F 1-2: Ball 2-2: DOUBLE (Line Drive, 78M, EV 105.6 MPH)
|
|
Pinch Hitting: SHB Jose Santiago
|
0-0: Swinging Strike 0-1: Called Strike 0-2: Strikes out swinging
|
|
Batting: LHB Alexis Toxqui
|
0-0: Called Strike 0-1: Swinging Strike 0-2: Foul Ball, location: 2F 0-2: Strikes out swinging
|
|
Batting: LHB Darby Starburster
|
0-0: Ball 1-0: Fly out, F7 (Line Drive, 7S, EV 97.5 MPH)
|
| Top of the 8th over - 0 runs, 1 hit, 0 errors, 1 left on base; Brockton 1 - Chester 4 |
| BOTTOM OF THE 8TH |
|
Chester Pirates batting - Pitching for Brockton Rox : LHP Bob Strachan
|
|
Pitching: RHP Steve Seaman
|
|
|
Now at 3B: Jose Santiago
|
|
|
Batting: RHB Jason Rhodes
|
0-0: Called Strike 0-1: Ball 1-1: Called Strike 1-2: Foul Ball, location: 2F 1-2: Ball 2-2: Strikes out swinging
|
|
Batting: RHB Rafael Galicia
|
0-0: Ball 1-0: Called Strike 1-1: DOUBLE (Groundball, 5L, EV 101.2 MPH)
|
|
Batting: RHB Ryan Thurston
|
0-0: Called Strike 0-1: Ball 1-1: Foul Ball, location: 2F 1-2: Ball 2-2: 2-RUN HOME RUN (Flyball, 7LD, EV 91.9 MPH), Distance : 347 ft
|
|
Batting: RHB Zachery Loomis
|
0-0: Ball 1-0: Ball 2-0: Foul Ball, location: 2F 2-1: Foul Ball, location: 2F 2-2: Strikes out swinging
|
|
Batting: RHB Mike Weeks
|
0-0: Ball 1-0: Swinging Strike 1-1: Ball 2-1: Ball 3-1: Foul Ball, location: 2F 3-2: Base on Balls
|
|
Batting: RHB Edwardo Tanchez
|
0-0: Ball Mike Weeks is caught stealing 2nd base 2-4
|
| Bottom of the 8th over - 2 runs, 2 hits, 0 errors, 0 left on base; Brockton 1 - Chester 6 |
| TOP OF THE 9TH |
|
Brockton Rox batting - Pitching for Chester Pirates : RHP Tomas Cavazos
|
|
Batting: RHB Ryan Davis
|
0-0: Called Strike 0-1: Foul Ball, location: 2F 0-2: Ball 1-2: Strikes out swinging
|
|
Batting: LHB Eric Gaugler
|
0-0: Ball 1-0: Ball 2-0: Ball 3-0: Called Strike 3-1: SINGLE (Line Drive, 4MD, EV 98.1 MPH)
|
|
Pitching: RHP Yong-taek Hoang
|
|
|
Batting: RHB Bob Reichley
|
0-0: Swinging Strike 0-1: Ball Wild Pitch! Eric Gaugler to second 1-1: Called Strike 1-2: Ball 2-2: Ball 3-2: Base on Balls
|
|
Batting: RHB Jose Blocker
|
0-0: Foul Ball, location: 2F 0-1: Foul Ball, location: 2F 0-2: Ball 1-2: Strikes out swinging
|
|
Batting: LHB Kenny Jackson
|
0-0: Called Strike 0-1: Foul Ball, location: 2F 0-2: Ball 1-2: Strikes out swinging
|
| Top of the 9th over - 0 runs, 1 hit, 0 errors, 2 left on base; Brockton 1 - Chester 6 |
|